 Dungeon Crawl Stone Soup version 0.29-a0-2-g12fcac58f8 (webtiles) character file.

Game seed: 11538909022525284879

28 fragbeetle the Skirmisher (level 3, -1/28 (29) HPs)
             Began as a Merfolk Cinder Acolyte on Jan 26, 2022.
             Was a High Priest of Ignis.
             Succumbed to an adder's poison
             ... on level 2 of the Dungeon.
             The game lasted 00:02:29 (2070 turns).

fragbeetle the Skirmisher (Merfolk Cinder Acolyte)  Turns: 2070, Time: 00:02:30

HP:   -1/28 (29)    AC:  2    Str: 14    XL:     3   Next: 12%
MP:   5/5           EV: 11    Int: 15    God:    Ignis [*****.]
Gold: 67            SH:  0    Dex:  9    Spells: 2/4 levels left

rFire   + . .      SeeInvis .   a - -1 hand axe (flame)
rCold   . . .      Faith    .   (no shield)
rNeg    . . .      Spirit   .   b - +0 robe
rPois   .          Reflect  .   (no helmet)
rElec   .          Harm     .   (no cloak)
rCorr   .          Rampage  .   (no gloves)
Will    .....                   (no boots)
Stlth   +.........              (no amulet)
HPRegen 0.09/turn               (no ring)
MPRegen 0.09/turn               (no ring)

@: brilliant, lethally poisoned (-1 -> -7), lightly drained
A: (nimble swimmer 2), mertail
a: Renounce Religion, Fiery Armour, Foxfire Swarm, Rising Flame


You were on level 2 of the Dungeon.
You worshipped Ignis.
Ignis was extremely pleased with you.
You visited 1 branch of the dungeon, and saw 2 of its levels.

You collected 67 gold pieces.

Inventory:

Hand Weapons
 a - a -1 hand axe of flaming (weapon)
Missiles
 f - 5 poisoned darts
Armour
 b - a +0 robe (worn)
Jewellery
 g - a +6 ring of intelligence
 k - a ring of poison resistance
Scrolls
 c - a scroll of teleportation {unknown}
 e - a scroll of acquirement {unknown}
 h - a scroll of vulnerability {unknown}
Potions
 i - a potion of heal wounds {unknown}
 j - a potion of attraction {unknown}


   Skills:
 + Level 3.5 Fighting
 * Level 2.8 Axes
 + Level 1.3 Spellcasting
 * Level 2.5 Fire Magic


You had 2 spell levels left.
You knew the following spells:

 Your Spells              Type           Power      Damage    Failure   Level
a - Scorch                Fire           24%        2d6       13%         2

Your spell library contained the following spells:

 Spells                   Type           Power      Damage    Failure   Level


Dungeon Overview and Level Annotations

Branches:
Dungeon (2/15)

Altars:


Innate Abilities, Weirdness & Mutations

((You are very nimble when in or above water. (Stealth+, EV+, Speed+++)))
Your lower body shifts to a powerful aquatic tail in water.


Message History

The frilled lizard hisses angrily.
You hit the frilled lizard but do no damage.
The frilled lizard bites you but does no damage.
The frilled lizard bites you.
You hit the frilled lizard. You burn the frilled lizard.
You kill the frilled lizard!
You barely miss the frilled lizard. The frilled lizard barely misses you.
Found 9 gold pieces and 28 bolts.
The adder hisses angrily.
You hit the frilled lizard but do no damage.
The frilled lizard barely misses you.
You closely miss the frilled lizard. The frilled lizard bites you.
You miss the frilled lizard.
The frilled lizard bites you but does no damage.
You closely miss the frilled lizard. You barely miss the adder.
The frilled lizard misses you. The adder bites you.
You are poisoned.
The adder poisons you!
The frilled lizard bites you but does no damage.
You closely miss the frilled lizard. You hit the adder but do no damage.
You feel sick. The adder bites you.
You are lethally poisoned!
The adder poisons you! The adder bites you but does no damage.
The frilled lizard bites you.
* * * LOW HITPOINT WARNING * * *
You hit the frilled lizard. You burn the frilled lizard.
You kill the frilled lizard!
You barely miss the adder.
* * * LOW HITPOINT WARNING * * *
You feel very sick. The adder closely misses you.
* * * LOW HITPOINT WARNING * * *
You feel sick. The adder bites you.
* * * LOW HITPOINT WARNING * * *
You see here a frilled lizard corpse.
* * * LOW HITPOINT WARNING * * *
You feel sick.
It was a potion of brilliance.
You feel clever all of a sudden.
You die...

................#
.........####.#.# ..(...
.........# #.#.# ..≈≈≈≈
......##.# #.#.# #..≈≈≈≈
.....###.####.#.###..≈≈≈≈≈
#....................≈≈≈≈≈
#..#.....####.#.###...≈≈≈≈
...####### #.#.###.......
#.## #.#)@S........ #.#
#.#..##..##.## ..#
#.##........ ###
####.##..##.# #.# $.# #
#.. .... #.# #### #.#


You could see an adder.

Vanquished Creatures
  A dart slug (D:1)
  2 endoplasms (D:1)
  2 goblins (D:2)
  2 hobgoblins (D:1)
  2 quokkas (D:1)
  3 ball pythons
  3 bats (D:1)
  5 frilled lizards
  2 kobolds (D:1)
  3 rats (D:1)
25 creatures vanquished.

Notes
Turn   | Place    | Note
-------+----------+-------------------------------------------
     0 | D:1      | fragbeetle the Merfolk Cinder Acolyte began the quest for
                  | the Orb.
     0 | D:1      | Reached XP level 1. HP: 18/18 MP: 2/2
   306 | D:1      | Reached XP level 2. HP: 19/24 MP: 3/3
   311 | D:1      | Learned a level 2 spell: Scorch
  1529 | D:1      | Found a faded altar of an unknown god.
  1940 | D:2      | Reached XP level 3. HP: 27/27 MP: 3/5
  2069 | D:2      | HP: 1/28 [poisoned by an adder]
  2070 | D:2      | Succumbed to an adder's poison

Illustrated notes

Levels and vault maps discovered:
D:1:      ebering_trefoil_twist, layout_basic,
          dreamdust_ecumenical_altar_statues, kennysheep_small_spiral
D:2:      layout_basic, minmay_lizard_pond

Action                   || total
-------------------------++-------
Melee: Hand axe          ||    64
 Cast: Scorch            ||     4
  Use: Potion            ||     1
 Stab: Sleeping          ||     1
Armor: Robe              ||    16
Dodge: Dodged            ||    33

Table legend: (Time is in decaauts)
 A = Elapsed time spent in this place.
 B = Non-inter-level travel time spent in this place.
 C = Inter-level travel time spent in this place.
 D = Time resting spent in this place.
 E = Time spent auto-exploring this place.
 F = Levels seen in this place.
 G = Mean time per level.
                   A        B        C        D        E       F      G
               +--------+--------+--------+--------+--------+-----+--------+
         Total |   2081 |   2026 |     55 |      0 |   1822 |   2 | 1040.5 |
       Dungeon |   2081 |   2026 |     55 |      0 |   1822 |   2 | 1040.5 |
               +--------+--------+--------+--------+--------+-----+--------+

Top non-repeatable levels by time:
     D:1: 1891 daAuts
     D:2: 189 daAuts
